 Dungeon Crawl Stone Soup version 0.28-a0-773-g130ae17fe5 (webtiles) character file.

Game seed: 581963264714565568

0 spiderkeys the Skirmisher (level 1, -2/22 HPs)
             Began as a Troll Abyssal Knight on Nov 1, 2021.
             Was a Follower of Lugonu.
             Slain by a spatial maelstrom (7 damage)
             ... on level 2 of the Abyss.
             The game lasted 00:00:52 (104 turns).

spiderkeys the Skirmisher (Troll Abyssal Knight)     Turns: 104, Time: 00:00:53

Health: -2/22      AC:  8    Str: 20    XL:     1   Next: 0%
Magic:  1/1        EV: 10    Int:  6    God:    Lugonu [*.....]
Gold:   0          SH:  0    Dex: 10    Spells: 0/0 levels left

rFire   . . .      SeeInvis .     - Unarmed
rCold   . . .      Faith    .   (no shield)
rNeg    . . .      Spirit   .   a - +0 robe
rPois   .          Reflect  .   (helmet restricted)
rElec   .          Harm     .   b - scarf {shadows}
rCorr   .          Rampage  .   (gloves unavailable)
Will    .....                   (boots unavailable)
Stlth   +.........              (no amulet)
HPRegen 1.07/turn               O - +4 ring of protection
MPRegen 0.07/turn               (no ring)

@: no status effects
A: large, unfitting armour, claws 3, regeneration 1, shaggy fur 1, tough skin 1
a: Renounce Religion, Depart the Abyss


You were on level 2 of the Abyss.
You worshipped Lugonu.
Lugonu was aware of your devotion.
You visited 0 branches of the dungeon, and saw 0 of its levels.
You visited the Abyss 1 time.


Innate Abilities, Weirdness & Mutations

You are too large for most types of armour.
You have claws for hands.
Your natural rate of healing is unusually fast.
You are covered in fur. (AC +1)
You have tough skin. (AC +1)


   Skills:
 + Level 2.4 Fighting
 + Level 1.9 Dodging
 + Level 2.0 Unarmed Combat
 + Level 1.5 Invocations


You couldn't memorise any spells.
You didn't know any spells.
Your spell library was empty.

Inventory:

Armour
 a - a +0 robe (worn)
 b - a scarf of shadows (worn)
   (You found it on level 2 of the Abyss)
Jewellery
 O - a +4 ring of protection (left claw)
   (You found it on level 2 of the Abyss)

Dungeon Overview and Level Annotations

Branches:
Dungeon (0/15)

Altars:

.≈≈# .≈≈≈
#≈≈# ..
#≈≈#### #.#
#.≈≈.. . ..
##.≈≈#
≈≈≈...##.x@#
≈ .#...v#.v#
≈...........#
.#...._#.v##
≈
...#..###5.##
≈
...........#
#...#.....#.#
# .
#.X##....#
.###
#.#.#.#.....


You could see a spatial maelstrom, 2 spatial vortices, a small abomination and
an ufetubus.


Message History

🤖 Initializing magus.rc ... ✅ Successfully initialized magus.rc [v1.9.10] Welcome, spiderkeys the Troll Abyssal Knight.
You feel drawn to the Orb of Zot, downwards into the unfathomable depths...
Lugonu says: Depart the Abyss and spread corruption, my servant! (use the ability menu to exit the Abyss) Press ? for a list of commands and other information.
Found a corrupted altar of Lugonu.
Found a gateway leading deeper into the Abyss.
Found a gateway leading out of the Abyss.
There is a gateway leading deeper into the Abyss here.
You plunge deeper into the Abyss.
b - a scarf of shadows
c - a scroll labelled VAATAMAUPIJ You aren't carrying any pieces of jewellery.
Unknown command.
You start putting on your armour.
You continue putting on your scarf of shadows. x4
You finish putting on your scarf of shadows.
It gets dark.
You aren't carrying any pieces of jewellery.
As you read the scroll labelled VAATAMAUPIJ, it crumbles to dust.
You speak a Word of immense power!
It was a scroll of holy word.
Unknown command.
Unknown command.
c - a scroll labelled ZABOWEMMAFO
O - a +4 ring of protection
O - a +4 ring of protection (left claw)
A tentacled starspawn comes into view.
As you read the scroll labelled ZABOWEMMAFO, it crumbles to dust.
It is a scroll of identify.
You don't have any unidentified items.
A tentacle flies out from the starspawn's body!
A starspawn tentacle comes into view.
A large abomination comes into view.
A tentacle flies out from the starspawn's body!
A starspawn tentacle comes into view.
c - a fuming ruby potion A spatial maelstrom comes into view.
A spatial vortex comes into view.
It was a potion of heal wounds.
You feel much better.
An ufetubus comes into view.
A spatial vortex comes into view.
A spatial vortex and a small abomination come into view.
Found a corrupted altar of Lugonu.
A spatial vortex comes into view.
The spatial maelstrom hits you!
Ouch! That really hurt!
* * * LOW HITPOINT WARNING * * *
Space warps around you.
* * * LOW HITPOINT WARNING * * *
The spatial maelstrom hits you!
You die...

Action                   || total
-------------------------++-------
  Use: Scroll            ||     2
       Potion            ||     1

Levels and vault maps discovered:
Abyss:2:  base:
Temple

Notes
Turn   | Place    | Note
-------+----------+-------------------------------------------
     0 | Abyss:1  | spiderkeys the Troll Abyssal Knight began the quest for the
                  | Orb.
     0 | Abyss:1  | Reached XP level 1. HP: 22/22 MP: 1/1
     0 | Abyss:1  | magus.rc [v1.9.10]
    70 | Abyss:2  | Noticed a tentacled starspawn
    75 | Abyss:2  | Noticed a large abomination
    94 | Abyss:2  | Noticed a spatial maelstrom
    94 | Abyss:2  | Noticed a spatial vortex
    99 | Abyss:2  | Noticed a spatial vortex
   101 | Abyss:2  | Noticed a small abomination
   101 | Abyss:2  | Noticed a spatial vortex
   102 | Abyss:2  | Found a corrupted altar of Lugonu.
   103 | Abyss:2  | Noticed a spatial vortex
   104 | Abyss:2  | HP: 5/22 [spatial maelstrom (4)]
   104 | Abyss:2  | Slain by a spatial maelstrom

Vanquished Creatures (others)
  8 starspawn tentacles (Abyss:2)
8 creatures vanquished.

Table legend:
 A = Non-vault XP
 B = Vault XP
 C = Vault XP percentage of total XP
 D = Non-vault monster count
 E = Vault monster count
 F = Vault count percentage of total count
                 A         B        C        D         E       F
            +---------+---------+-------+---------+---------+-------
      Total |       0 |       0 |   N/A |       0 |       0 |  -nan
            +---------+---------+-------+---------+---------+-------
            +---------+---------+-------+---------+---------+-------

Illustrated notes

Table legend: (Time is in decaauts)
 A = Elapsed time spent in this place.
 B = Non-inter-level travel time spent in this place.
 C = Inter-level travel time spent in this place.
 D = Time resting spent in this place.
 E = Time spent auto-exploring this place.
 F = Levels seen in this place.
 G = Mean time per level.
                   A        B        C        D        E       F      G
               +--------+--------+--------+--------+--------+-----+--------+
         Total |    103 |    103 |      0 |      0 |     11 |   2 |   51.5 |
         Abyss |    103 |    103 |      0 |      0 |     11 |   2 |   51.5 |
               +--------+--------+--------+--------+--------+-----+--------+

Top non-repeatable levels by time:
 Abyss:2: 90 daAuts
 Abyss:1: 13 daAuts
